 Dungeon Crawl Stone Soup version 0.17-a0-2014-g32cd421 (webtiles) character file.

1386 tp1 the Chopper (level 8, -4/69 HPs)
             Began as a Gargoyle Berserker on Oct 9, 2015.
             Was a Priest of Trog.
             Killed from afar by an orc wizard (7 damage)
             ... with a magic dart
             ... on level 6 of the Dungeon.
             The game lasted 00:19:58 (4593 turns).

tp1 the Chopper (Gargoyle Berserker)                Turns: 4593, Time: 00:19:58

Health: -4/69      AC: 17    Str: 25    XL:     8   Next: 67%
Magic:  8/8        EV:  9    Int:  9    God:    Trog [***...]
Gold:   265        SH:  0    Dex: 11    Spells: 0 memorised, 7 levels left

rFire  . . .     SeeInvis .     v - +0 morningstar
rCold  . . .     Clarity  .     p - +0 chain mail
rNeg   + . .     SustAt   .     (no shield)
rPois  ∞         Gourm    .     (no helmet)
rElec  +         Spirit   .     (no cloak)
rCorr  .         Warding  .     l - +0 pair of gloves
rMut   .         Stasis   .     (no boots)
MR     ++...                    (no amulet)
Stlth  ..........               (no ring)
                                (no ring)

@: berserking, regenerating, very quick, very resistant to hostile enchantments,
extremely unstealthy
A: negative energy resistance 1, electricity resistance, unbreathing,
petrification resistance, rot immunity, AC +5
a: Burn Spellbooks, Berserk, Trog's Hand, Renounce Religion


You were on level 6 of the Dungeon.
You worshipped Trog.
Trog was most pleased with you.
You were hungry.

You visited 1 branch of the dungeon, and saw 6 of its levels.

You collected 265 gold pieces.

Inventory:

Hand Weapons
 a - a +0 hand axe
 u - a +0 flail
 v - a +0 morningstar (weapon)
 w - a +1 flail of protection
Armour
 b - a +0 animal skin
 f - a +0 scale mail
 l - a +0 pair of gloves (worn)
 p - a +0 chain mail (worn)
 E - a +0 cloak
Wands
 x - a wand of draining (2)
 y - a wand of draining (4)
Scrolls
 h - a scroll of magic mapping {unknown}
 i - a scroll of remove curse {unknown}
 m - 2 scrolls of blinking {unknown}
 o - 5 scrolls of amnesia {unknown}
 q - 2 scrolls of identify {unknown}
 r - a scroll of teleportation {unknown}
 B - a scroll of brand weapon {unknown}
 D - a scroll of enchant weapon {unknown}
Potions
 e - 2 potions of flight {unknown}
 j - a potion of cancellation {unknown}
 k - 2 potions of haste
 n - a potion of curing {unknown}
 s - 2 potions of brilliance {unknown}
 t - a potion of heal wounds {unknown}
 C - a potion of might {unknown}
 F - a potion of resistance
Comestibles
 c - 6 bread rations
 d - a slice of pizza
 g - 4 meat rations
 z - 2 fruits


   Skills:
 - Level 3.4 Fighting
 - Level 7.9(8.0) Axes
 - Level 0.6(5.4) Maces & Flails
 + Level 6.9 Armour
 - Level 2.0 Dodging
 - Level 0.2 Stealth


You had 7 spell levels left.
You didn't know any spells.

Dungeon Overview and Level Annotations

Branches:
Dungeon (6/15)             Temple (0/1) D:5

Altars:
Ashenzari
Dithmenos
Fedhas
Gozag
Kikubaaqudgha
Sif Muna
Trog

Annotations:
D:3 Blork the orc
D:6 Shim's ghost, novice HuGl


Innate Abilities, Weirdness & Mutations

You are resistant to torment.
Your stone body is resilient (AC +5).
You are immune to poison.
You resist negative energy.
You are resistant to electric shocks.
You can survive without breathing.
You are immune to petrification.
You are immune to rotting.


Message History

Something hits you but does no damage. The orc hits you but does no damage.
You thump the orc priest!
The orc priest is heavily wounded.
The orc priest closely misses you. Shim's ghost closely misses you.
The sky beast hits you but does no damage.
Something hits you but does no damage. The orc warrior hits you with a flail!
* * * LOW HITPOINT WARNING * * *
You are too berserk!
You puncture the orc priest!
You kill the orc priest!
Trog accepts your kill.
You feel the effects of Trog's Hand fading.
The orc hits you but does no damage.
Shim's ghost screams, "Don't try to defend!
You have no chance!"
Shim's ghost hits you but does no damage.
The sky beast barely misses you.
You hear some strange, mumbled words.
A magic dart appears from out of thin air!
The magic dart hits you!
You die...

#......
#.....#
#.....# #
#.....# ..
#.....##'##
#......>..#
#<.........
#.Woo......
#..@o......
#..Y..#+##.
+.....#
#.....+
#.....#
...#+##
....# .....


You could see an orc warrior, a sky beast, Shim's ghost and 2 orcs.

Vanquished Creatures
  Grinder (D:3)
  Sigmund (D:4)
  An ice beast (D:5)
  5 ogres
  A giant frog (D:5)
  A hound (D:5)
  An orc wizard (D:5)
  2 orc priests
  A giant frog skeleton (D:5)
  Terence (D:2)
  Natasha (thrice) (D:2)
  2 worker ants (D:4)
  A hound zombie (D:5)
  The ghost of Duffy the Chopper, a weakling VSGl (D:4)
  6 adders
  2 oozes
  An adder skeleton (D:4)
  7 worms
  4 giant geckos
  12 orcs
  6 goblins
  4 hobgoblins (D:2)
  9 jackals
  5 bats
  2 giant cockroaches
  4 giant newts
  A jackal skeleton (D:4)
  6 kobolds
  6 rats
97 creatures vanquished.

Notes
Turn   | Place    | Note
--------------------------------------------------------------
     0 | D:1      | tp1 the Gargoyle Berserker began the quest for the Orb.
     0 | D:1      | Reached XP level 1. HP: 14/14 MP: 1/1
     0 | D:1      | Noticed a merfolk zombie
     1 | D:1      | Noticed a vine stalker zombie
     1 | D:1      | Noticed an elf zombie
     3 | D:1      | Noticed a spriggan zombie
     3 | D:1      | Noticed a formicid zombie
     5 | D:1      | Noticed a centaur zombie
    11 | D:1      | Noticed an octopode zombie
    11 | D:1      | Noticed an elf zombie
    15 | D:1      | Noticed an elf zombie
    17 | D:1      | Noticed a draconian zombie
    19 | D:1      | Noticed a human zombie
    21 | D:1      | Noticed an octopode zombie
   102 | D:1      | Reached XP level 2. HP: 19/19 MP: 2/2
   671 | D:2      | Reached XP level 3. HP: 20/23 MP: 3/3
   723 | D:2      | Found a shattered altar of Ashenzari.
   774 | D:2      | Found an opulent altar of Gozag.
   930 | D:2      | Noticed Terence
   938 | D:2      | Acquired Trog's second power
   952 | D:2      | Killed Terence
   952 | D:2      | Reached skill level 4 in Axes
   952 | D:2      | Reached XP level 4. HP: 28/28 MP: 4/4
  1029 | D:2      | Noticed Natasha
  1043 | D:2      | Killed Natasha
  1294 | D:2      | Noticed Natasha
  1301 | D:2      | Killed Natasha
  1396 | D:2      | Noticed Natasha
  1723 | D:2      | Killed Natasha
  1723 | D:2      | Reached XP level 5. HP: 16/32 MP: 5/5
  1861 | D:3      | Noticed Blork the orc
  2167 | D:3      | Noticed Grinder
  2192 | D:3      | Killed Grinder
  2192 | D:3      | Reached skill level 6 in Axes
  2192 | D:3      | Reached XP level 6. HP: 18/37 MP: 6/6
  2236 | D:3      | Found a shadowy altar of Dithmenos.
  2792 | D:3      | Found a deep blue altar of Sif Muna.
  2944 | D:3      | Found a blossoming altar of Fedhas.
  3214 | D:4      | Reached XP level 7. HP: 24/41 MP: 7/7
  3225 | D:4      | Reached skill level 7 in Axes
  3293 | D:4      | Noticed Sigmund
  3306 | D:4      | Killed Sigmund
  3630 | D:4      | Noticed Duffy's ghost (weakling VSGl)
  3635 | D:4      | Killed Duffy's ghost
  3823 | D:5      | Entered Level 5 of the Dungeon
  3860 | D:5      | Reached XP level 8. HP: 29/46 MP: 8/8
  3883 | D:5      | Found a staircase to the Ecumenical Temple.
  4236 | D:5      | Reached skill level 5 in Armour
  4261 | D:5      | Found an ancient bone altar of Kikubaaqudgha.
  4487 | D:5      | Found a bloodstained altar of Trog.
  4585 | D:6      | Noticed Shim's ghost (novice HuGl)
  4592 | D:6      | HP: 2/69 [orc warrior/flail (8)]
  4593 | D:6      | Killed from afar by an orc wizard

Vault maps used:
D:1:      shiori_arrival_whats_in_store_for_you
D:2:      nicolae_overflow_crystal_walls, lemuel_round_altar, uniq_terence,
          uniq_natasha
D:3:      tgw_sif, grunt_dithmenos_smoke, nicolae_overflow_hidden_temple,
          uniq_grinder
D:4:      uniq_sigmund
D:5:      kiku_gazebo_garden_becter, kennysheep_mini,
          minmay_temple_entry_junction, first_bread

Action                   |  1- 3 |  4- 6 |  7- 9 || total
-------------------------+-------+-------+-------++-------
Melee: Hand axe          |   120 |   170 |       ||   290
       Morningstar       |       |    14 |   138 ||   152
Invok: Berserk           |     1 |     2 |     4 ||     7
       Trog's Hand       |       |       |     1 ||     1
 Stab: Sleeping          |     1 |       |       ||     1
  Eat: Chunk             |       |     9 |     7 ||    16
       Royal jelly       |       |     1 |       ||     1
